AoeStats
← NPG | Shimishi Maki

Nomad

509718446Analyzed
4v4 RM · 4d ago on Sep 27, 2026· 49m 38s· 8 players
Game mode
Random Map
Map size
231×231
Population
200
Speed
Normal
Resources
Standard
Victory
Conquest
Starting age
Dark Age
Ending age
Imperial Age
RankedLock teamsTeams togetherTeam positionsShared explorationLock speedFull tech treeHidden civsTurbo modeCheats
Victory
Defeat
🇮🇳 Bulgarians · India
1645
+13
🇮🇳 Portuguese · India
1555
+16
🇮🇳 Gurjaras · India
1537
+17
🇮🇳 Wu · India
1360
+25
🇨🇱 Burmese · Chile
1701
-23
🇨🇱 Chinese · Chile
1542
-17
🇨🇱 Cumans · Chile
1537
-17
🇨🇱 Malians · Chile
1460
-14
NPG | Dequetelasdai
4:16 Loom
16:05 Feudal Age
20:45 Castle Age
BrøweN
8:35 Loom
12:37 Feudal Age
13:09 Double-Bit Axe
14:52 Horse Collar
26:10 Castle Age
36:09 Wheelbarrow
36:57 Bow Saw
40:28 Hand Cart
43:44 Fletching
NPG | El Compadre
2:55 Loom
14:18 Feudal Age
15:38 Fletching
16:08 Double-Bit Axe
16:06 Horse Collar
22:29 Castle Age
20:16 Fishing Lines
22:45 Wheelbarrow
23:30 Medium Warships
23:11 Gillnets
23:38 Bow Saw
23:36 Town Watch
25:44 Hand Cart
26:57 Bodkin Arrow
29:36 Heavy Plow
30:42 Padded Archer Armor
31:35 Ballistics
33:29 Leather Archer Armor
38:12 Imperial Age
38:39 Capped Ram
39:50 Conscription
39:48 Pikeman
40:28 Squires
40:59 Scale Mail Armor
41:09 Forging
41:01 Bracer
41:32 Ring Archer Armor
42:27 Chain Mail Armor
44:08 Chemistry
43:48 Heavy Rocket Cart
45:59 Masonry
46:24 Halberdier
NPG | Shimishi Maki
7:25 Loom
15:45 Feudal Age
17:04 Fishing Lines
19:27 Castle Age
18:15 Forging
20:08 Gillnets
21:02 Iron Casting
21:30 Wheelbarrow
21:29 Medium Warships
26:05 Wheelbarrow
26:23 Careening
26:15 Horse Collar
26:59 Town Watch
32:00 Imperial Age
31:25 Scale Barding Armor
31:38 Fletching
33:01 Chain Barding Armor
33:21 Bloodlines
33:12 Husbandry
32:40 Cavalier
34:48 Plate Barding Armor
35:04 Devotion
35:59 Light Cavalry
37:03 Hand Cart
37:20 Heavy Plow
39:11 Blast Furnace
39:10 Scale Mail Armor
38:31 Pikeman
39:12 Squires
39:50 Halberdier
40:25 Hussar
40:32 Hussar
41:28 Manipur Cavalry
41:48 Conscription
42:26 Chain Mail Armor
42:34 Bodkin Arrow
42:53 Masonry
43:43 Chemistry
43:54 Plate Mail Armor
44:21 Bracer
43:58 Elite Battle Elephant
44:41 Capped Ram
45:34 Howdah
46:37 Architecture
Dark_Knight
4:04 Loom
13:59 Feudal Age
19:21 Castle Age
19:58 Double-Bit Axe
21:30 Bow Saw
22:52 Fishing Lines
24:57 Wheelbarrow
25:09 Scale Barding Armor
25:06 Gillnets
25:59 Bloodlines
25:50 Husbandry
26:38 Chain Barding Armor
26:17 Gold Mining
27:30 Forging
28:01 Horse Collar
31:53 Town Watch
33:31 Stone Mining
34:16 Gold Shaft Mining
37:09 Imperial Age
35:02 Town Watch
36:04 Iron Casting
36:07 Stone Shaft Mining
36:28 Caravan
36:58 Coinage
36:26 Fletching
37:33 Hand Cart
38:02 Kshatriyas
38:09 Heavy Camel Rider
39:29 Plate Barding Armor
39:29 Conscription
39:57 Frontier Guards
40:52 Town Patrol
41:44 Banking
42:58 Medium Warships
43:53 Chemistry
43:04 Masonry
42:49 Elite Shrivamsha Rider
Yodha
8:51 Loom
13:00 Feudal Age
19:52 Fishing Lines
22:22 Double-Bit Axe
22:20 Horse Collar
28:05 Castle Age
Harry
4:45 Loom
5:09 Loom
14:14 Feudal Age
15:44 Fishing Lines
18:08 Castle Age
19:22 Double-Bit Axe
19:41 Town Watch
21:22 Bow Saw
22:15 Gold Mining
25:36 Wheelbarrow
25:52 Horse Collar
38:12 Imperial Age
37:18 Hand Cart
38:38 Circumnavigation
41:48 Heavy Plow
42:59 Fletching
43:13 Elite Organ Gun
45:01 Chemistry
44:21 Ballistics
45:46 Bodkin Arrow
48:01 Treadmill Crane
49:00 Arquebus
49:21 Conscription
49:18 Stone Mining
49:57 Siege Engineers
Aqua Sama
5:27 Loom
14:11 Feudal Age
17:41 Castle Age
16:36 Double-Bit Axe
18:42 Medium Warships
18:55 Bow Saw
18:57 Fishing Lines
20:14 Forging
21:34 Scale Barding Armor
28:40 Gillnets
35:34 Wheelbarrow
34:47 Horse Collar
39:28 Imperial Age
38:29 Scale Mail Armor
39:05 Iron Casting
38:46 Pikeman
41:50 Hand Cart
41:31 Onager
42:15 Gambesons
42:30 Squires
43:17 Heavy Warships
42:22 Capped Ram
44:04 Chain Mail Armor
44:50 Blast Furnace
43:29 Siege Onager
45:12 Plate Mail Armor
46:09 Bagains
46:30 Conscription
46:04 Halberdier
46:58 Siege Engineers
46:26 Siege Ram
48:45 Chemistry
48:12 Gold Mining
48:12 Stone Mining
49:41 Fletching
50:16 Ballistics
Connection lost

Rejoining the realm…

Still unreachable

The connection could not be restored.

Session expired

The server has moved on; the page needs a fresh start.